 Dungeon Crawl Stone Soup version 0.29.1-1-gd02db6906a (webtiles) character file.

Game seed: 8797118764696129315

521 sanboga the Chopper (level 7, 0/62 HPs)
             Began as a Minotaur Monk on Oct 2, 2022.
             Slain by an elf zombie (3 damage)
             ... on level 4 of the Dungeon.
             The game lasted 00:03:20 (3556 turns).

sanboga the Chopper (Minotaur Monk)                 Turns: 3556, Time: 00:03:20

Health: 0/62       AC:  2    Str: 17    XL:     7   Next: 1%
Magic:  6/6        EV: 13    Int:  7    God:
Gold:   153        SH:  0    Dex: 13    Spells: 6/6 levels left

rFire   . . .      SeeInvis .   a - +0 war axe
rCold   . . .      Faith    .   (no shield)
rNeg    . . .      Spirit   .   b - +0 robe
rPois   .          Reflect  .   (helmet restricted)
rElec   .          Harm     .   (no cloak)
rCorr   .          Rampage  .   (no gloves)
Will    .....                   (no boots)
Stlth   ++........              (no amulet)
HPRegen 0.20/turn               (no ring)
MPRegen 0.10/turn               (no ring)

@: hasted, very quick
A: horns 2, retaliatory headbutt
a: no special abilities


You were on level 4 of the Dungeon.
You visited 1 branch of the dungeon, and saw 4 of its levels.

You collected 153 gold pieces.

Inventory:

Hand Weapons
 a - a +0 war axe (weapon)
Armour
 b - a +0 robe (worn)
Scrolls
 d - 5 scrolls of identify {unknown}
 e - a scroll of teleportation {unknown}
 g - 3 scrolls of immolation {unknown}
 l - 2 scrolls of enchant weapon {unknown}
Potions
 f - a potion of flight
 j - 2 potions of magic


   Skills:
 + Level 5.7 Fighting
 * Level 7.3 Axes
 + Level 4.1 Armour
 - Level 3.2 Dodging
 - Level 1.5 Stealth


You had 6 spell levels left.
You didn't know any spells.
Your spell library was empty.

Dungeon Overview and Level Annotations

Branches:
Dungeon (4/15)
 Temple: D:4-7

Altars:
Gozag
Makhleb
Xom

Portals:
Ossuary: D:4

Annotations:
D:4 1 transporter


Innate Abilities, Weirdness & Mutations

You have a pair of horns on your head.
You reflexively headbutt those who attack you in melee.


Message History

You closely miss the elf zombie.
The elf zombie is lightly damaged.
You slash the elf zombie!
You headbutt the elf zombie, but do no damage.
The elf zombie is lightly damaged.
The elf zombie hits you but does no damage.
You hit the elf zombie. You headbutt the elf zombie!
The elf zombie is moderately damaged.
The elf zombie completely misses you.
You slash the elf zombie! Your headbutt misses the elf zombie.
The elf zombie is heavily damaged.
The elf zombie hits you!
* * * LOW HITPOINT WARNING * * *
You barely miss the elf zombie.
The elf zombie is heavily damaged.
The elf zombie closely misses you.
You barely miss the elf zombie.
The elf zombie is heavily damaged.
The elf zombie barely misses you.
You closely miss the elf zombie.
The elf zombie is heavily damaged.
The elf zombie hits you!
* * * LOW HITPOINT WARNING * * *
You closely miss the elf zombie.
The elf zombie is heavily damaged.
The elf zombie hits you.
* * * LOW HITPOINT WARNING * * *
You hit the elf zombie.
The elf zombie is heavily damaged.
The elf zombie barely misses you. You furiously retaliate!
You headbutt the elf zombie.
You feel yourself speed up.
You slash the elf zombie! You headbutt the elf zombie!
The elf zombie is almost destroyed.
The elf zombie hits you.
* * * LOW HITPOINT WARNING * * *
You hit the elf zombie.
The elf zombie is almost destroyed.
The elf zombie hits you.
You die...

#..##.............##.#
#.............)....#.#
#............#####.#.#
..........##### ##.#
..........'...#
#.....<...###'#+#
#.........#Z+...+
#.........###...###
..........#.'...@Z#
..........###'#'#+#
...##+#####Z+.#.# ...
####### ..


You could see an elf zombie.

Vanquished Creatures
  An ogre (D:3)
  2 necrophages (D:4)
  An elf skeleton (D:4)
  2 hounds (D:4)
  An orc priest (D:4)
  An iguana (D:2)
  An orc wizard (D:4)
  A gnoll (D:1)
  6 adders
  2 orcs (D:4)
  2 ball pythons (D:1)
  4 bats
  9 endoplasms
  2 giant cockroaches
  3 hobgoblins
  9 kobolds
  A quokka (D:1)
  A frilled lizard (D:2)
  12 goblins
  4 rats
65 creatures vanquished.

Notes
Turn   | Place    | Note
-------+----------+-------------------------------------------
     0 | D:1      | sanboga the Minotaur Monk began the quest for the Orb.
     0 | D:1      | Reached XP level 1. HP: 19/19 MP: 0/0
   187 | D:1      | Reached skill level 4 in Axes
   187 | D:1      | Reached XP level 2. HP: 27/27 MP: 1/1
   216 | D:1      | Found a faded altar of an unknown god.
   319 | D:1      | Reached skill level 1 in Armour
   590 | D:1      | Reached XP level 3. HP: 16/33 MP: 2/2
  1596 | D:2      | Reached skill level 5 in Axes
  1596 | D:2      | Reached XP level 4. HP: 36/41 MP: 3/3
  2561 | D:3      | Noticed an ogre
  2586 | D:3      | Killed an ogre
  2587 | D:3      | Reached skill level 6 in Axes
  2587 | D:3      | Reached XP level 5. HP: 15/47 MP: 4/4
  2959 | D:3      | Found a shimmering altar of Xom.
  2961 | D:3      | Found a burning altar of Makhleb.
  2962 | D:3      | Found an opulent altar of Gozag.
  3161 | D:4      | Reached skill level 5 in Fighting
  3194 | D:4      | Found a transporter.
  3209 | D:4      | Reached XP level 6. HP: 47/56 MP: 5/5
  3455 | D:4      | Reached skill level 7 in Axes
  3475 | D:4      | HP: 2/54 [elf skeleton (2)]
  3489 | D:4      | Reached XP level 7. HP: 10/62 MP: 6/6
  3541 | D:4      | Found a sand-covered staircase.
  3555 | D:4      | HP: 3/62 [elf zombie (6)]
  3556 | D:4      | Slain by an elf zombie

Illustrated notes

Levels and vault maps discovered:
D:1:      mrwooster_arrival_statue_2, layout_basic,
          hellmonk_ecumenical_altar_inner_sanctum
D:2:      layout_rooms
D:3:      kennysheep_six_static_rooms, layout_basic, minitemple,
          minmay_ogre_servants
D:4:      gammafunk_cloud_chamber, layout_basic, nzn_wu_jian_contemplation,
          gammafunk_ghost_abyssal_escape, nicolae_ossuary_entry_catacombs,
          hangedman_decor_peaks_small, minivault_26

Skill      XL: |  1  2  3  4  5  6 |
---------------+-------------------+-----
Axes           | 4 5 6 7 |  7.3
Armour         | 1 2 3 4 |  4.1
Fighting       | 4 5 |  5.7
Dodging        | |  3.2
Stealth        | |  1.5

Action                   |  1- 3 |  4- 6 |  7- 9 || total
-------------------------+-------+-------+-------++-------
Melee: Hand axe          |    29 |       |       ||    29
       Headbutt          |     7 |    18 |     3 ||    28
       Punch             |     1 |     1 |       ||     2
       War axe           |    31 |   100 |    13 ||   144
  Use: Potion            |       |     6 |     1 ||     7
       Scroll            |       |     2 |       ||     2
 Stab: Sleeping          |     5 |     2 |     1 ||     8
Armor: Robe              |     9 |    11 |     1 ||    21
Dodge: Dodged            |    30 |    52 |     6 ||    88
